 Dungeon Crawl Stone Soup version 0.28-a0-514-g0d7ab7f379 (webtiles) character file.

Game seed: 2375079226667031203

2111 SkeletonJelly the Carver (level 9, 0/75 HPs)
             Began as a Barachi Fighter on Sept 22, 2021.
             Slain by an orc warrior (20 damage)
             ... on level 7 of the Dungeon.
             The game lasted 00:14:02 (5436 turns).

SkeletonJelly the Carver (Barachi Fighter)          Turns: 5436, Time: 00:14:02

Health: 0/75       AC: 14    Str: 20    XL:     9   Next: 28%
Magic:  9/9        EV:  6    Int:  8    God:
Gold:   271        SH: 10    Dex: 13    Spells: 8/8 levels left

rFire   + . .      SeeInvis .   a - +1 long sword
rCold   + . .      Faith    .   c - +0 buckler
rNeg    . . .      Spirit   .   x - +0 plate armour
rPois   .          Reflect  +   e - +2 hat
rElec   .          Harm     .   (no cloak)
rCorr   .          Rampage  .   h - +0 pair of gloves
Will    .....                   (no boots)
Stlth   ..........              J - amulet of reflection
HPRegen 0.22/turn               i - ring of protection from cold
MPRegen 0.11/turn               y - ring of protection from fire

@: slow
A: amphibious, slowness 1, strong legs 1, +LOS
a: Hop


You were on level 7 of the Dungeon.
You visited 1 branch of the dungeon, and saw 7 of its levels.
You also visited: Ossuary.

You collected 271 gold pieces.

Inventory:

Hand Weapons
 a - a +1 long sword (weapon)
 u - a +4 dagger
Missiles
 p - a throwing net
 E - 28 poisoned darts
Armour
 b - a +0 scale mail
 c - a +0 buckler (worn)
 e - a +2 hat (worn)
 h - a +0 pair of gloves (worn)
 x - a +0 plate armour (worn)
Jewellery
 i - a ring of protection from cold (left hand)
 m - an amulet of regeneration
 y - a ring of protection from fire (right hand)
 J - an amulet of reflection (around neck)
 L - a ring of ice
Wands
 B - a wand of acid (7)
Scrolls
 f - a scroll of fog
 j - 2 scrolls of enchant armour {unknown}
 k - 2 scrolls of identify
 l - a scroll of torment
 q - a scroll of vulnerability
 D - a scroll of summoning {unknown}
 G - a scroll of teleportation
 I - a scroll of immolation
 K - a scroll of blinking {unknown}
Potions
 d - 2 potions of might
 g - a potion of invisibility {unknown}
 n - 2 potions of haste {unknown}
 o - 6 potions of curing
 r - 3 potions of flight {unknown}
 s - 3 potions of resistance {unknown}
 t - a potion of attraction {unknown}
 v - 2 potions of heal wounds {unknown}
 w - 2 potions of lignification {unknown}
 z - 3 potions of ambrosia {unknown}
 A - 4 potions of brilliance {unknown}
 C - a potion of magic {unknown}
 F - a potion of berserk rage {unknown}
 H - a potion of cancellation {unknown}


   Skills:
 + Level 8.9 Fighting
 * Level 11.7 Long Blades
 - Level 3.6 Armour
 - Level 4.0 Shields


You had 8 spell levels left.
You didn't know any spells.
Your spell library contained the following spells:

 Spells                   Type           Power      Damage    Failure   Level
 Summon Small Mammal      Summ           0%         N/A       100%        1
 Sublimation of Blood     Necr           0%         N/A       100%        2
 Wereblood                Tmut           0%         N/A       100%        2
 Call Canine Familiar     Summ           0%         N/A       100%        3
 Ignite Poison            Fire/Tmut/Pois 0%         N/A       100%        3
 Mephitic Cloud           Conj/Pois/Air  0%         N/A       100%        3
 Summon Guardian Golem    Hex/Summ       0%         N/A       100%        3
 Freezing Cloud           Conj/Ice/Air   0%         6-21      100%        5
 Summon Hydra             Summ           0%         N/A       100%        7


Dungeon Overview and Level Annotations

Branches:
Dungeon (7/15)            Ossuary (visited)
 Temple: D:4-7

Altars:
Cheibriados
Dithmenos
Vehumet
Xom
Yredelemnul
The Shining One

Shops:
D:4 =   D:5 :

Annotations:
D:6 3 runed translucent doors, RandomusNamus's ghost, novice MiHu


Innate Abilities, Weirdness & Mutations

You are amphibious.
You cover ground slowly.
You can hop short distances.
You have an extended range of vision and can be seen from far away.


Message History

No target in view!
No target in view!
No target in view!
No target in view!
No target in view!
No target in view!
No target in view!
L - a ring of ice Health restored: 75 You now have 271 gold pieces (gained 19).
You open the door. 3 orcs and an orc warrior come into view.
The orc warrior is wielding a +1 hand axe of electrocution.
The orc warrior shouts!
The orc shouts! x2
There are monsters nearby!
You hit the orc.
The orc is almost dead.
You closely miss the orc warrior.
You hit the orc warrior but do no damage.
You slash the orc warrior!
The orc warrior is moderately wounded.
You block the orc warrior's attack.
You barely miss the orc warrior.
The orc warrior is moderately wounded.
You closely miss the orc.
The orc is almost dead.
The orc warrior hits you but does no damage.
You closely miss the orc.
The orc is almost dead.
You hit the orc.
You kill the orc!
The orc warrior hits you with a +1 hand axe of electrocution!
You take 11 damage, and have 64/75 hp.
You barely miss the orc warrior.
The orc warrior is moderately wounded.
The orc warrior hits you with a +1 hand axe of electrocution!
You take 10 damage, and have 54/75 hp.
You completely miss the orc warrior.
The orc warrior is moderately wounded.
The orc hits you but does no damage. You block the orc warrior's attack.
The orc hits you with a +0 mace.
You take 2 damage, and have 52/75 hp.
You hit the orc warrior but do no damage.
The orc warrior is moderately wounded.
The orc hits you but does no damage.
The orc warrior hits you but does no damage.
You are electrocuted!
The orc hits you but does no damage.
You take 16 damage, and have 36/75 hp.
MASSIVE DAMAGE!!
You are too injured to fight recklessly!
You are too injured to fight recklessly!
You are too injured to fight recklessly!
You are too injured to fight recklessly!
You are too injured to fight recklessly!
You are too injured to fight recklessly!
You are too injured to fight recklessly!
You are too injured to fight recklessly!
You are too injured to fight recklessly!
You are too injured to fight recklessly!
You are too injured to fight recklessly!
You are too injured to fight recklessly!
You are too injured to fight recklessly!
You are too injured to fight recklessly!
You are too injured to fight recklessly!
You are too injured to fight recklessly!
You are too injured to fight recklessly!
You are too injured to fight recklessly!
You are too injured to fight recklessly!
You are too injured to fight recklessly!
You are too injured to fight recklessly!
You are too injured to fight recklessly!
You are too injured to fight recklessly!
You are too injured to fight recklessly!
You are too injured to fight recklessly!
You are too injured to fight recklessly!
You are too injured to fight recklessly!
You are too injured to fight recklessly!
You are too injured to fight recklessly!
You are too injured to fight recklessly!
You are too injured to fight recklessly!
You are too injured to fight recklessly!
You are too injured to fight recklessly!
You hit the orc warrior but do no damage.
The orc warrior is moderately wounded.
The orc hits you but does no damage.
You slash the orc warrior!
The orc warrior is heavily wounded.
The orc warrior hits you with a +1 hand axe of electrocution.
You block the orc's attack. The orc hits you but does no damage.
You take 5 damage, and have 32/75 hp.
You slash the orc warrior!
The orc warrior is almost dead.
You block the orc warrior's attack. The orc hits you with a +0 mace.
You take 3 damage, and have 29/75 hp.
You completely miss the orc warrior.
The orc warrior is almost dead.
The orc hits you but does no damage.
The orc warrior hits you with a +1 hand axe of electrocution!
* * * LOW HITPOINT WARNING * * *
You are electrocuted!!
You die...

. .# .##..# # ).##.#
.# ...#.+ ..+ .....#
#####+### ...# .....#
##.#.....# ....#
.....#
##..#....o#....#
.....###...'.(..@o...#
#....##....#..[.o#..##
#.#..#.....#.....# ##
.....#....####+###
.....'...## .....#..##
.<...#.## .....###
.....#


You could see an orc warrior and 2 orcs.

Vanquished Creatures
  A shadow (D:7)
  Sigmund (D:4)
  Eustachio (D:4)
  3 ice beasts
  A black bear (D:4)
  2 ogres
  A centaur (D:7)
  2 necrophages
  2 bullfrogs (D:6)
  2 scorpions
  A wyvern skeleton (D:6)
  A water moccasin skeleton (D:5)
  4 howler monkeys
  A bullfrog skeleton (D:6)
  2 human zombies (Ossuary)
  An iguana (D:4)
  Natasha (thrice) (D:2)
  A killer bee zombie (D:7)
  6 mummies
  Robin (D:4)
  2 adders (D:4)
  A white imp (D:7)
  A worm (D:4)
  A dart slug (D:1)
  3 orcs
  4 endoplasms
  2 giant cockroaches
  2 gnoll zombies (Ossuary)
  15 goblins
  7 hobgoblins
  5 quokkas
  6 ball pythons
  2 bats (D:2)
  3 frilled lizards
  A hobgoblin zombie (Ossuary)
  8 kobolds
  A kobold zombie (Ossuary)
  2 orc zombies (Ossuary)
  3 rats (D:2)
106 creatures vanquished.

Notes
Turn   | Place    | Note
-------+----------+-------------------------------------------
     0 | D:1      | SkeletonJelly the Barachi Fighter began the quest for the
                  | Orb.
     0 | D:1      | Reached XP level 1. HP: 18/18 MP: 1/1
   237 | D:1      | Reached XP level 2. HP: 21/25 MP: 2/2
   578 | D:1      | Reached skill level 3 in Long Blades
   764 | D:2      | Noticed Natasha
   776 | D:2      | Killed Natasha
   777 | D:2      | Reached XP level 3. HP: 23/30 MP: 3/3
   852 | D:2      | Noticed Natasha
   875 | D:2      | Killed Natasha
   876 | D:2      | Reached skill level 4 in Long Blades
   876 | D:2      | Reached XP level 4. HP: 22/37 MP: 4/4
   888 | D:2      | Noticed Natasha
   899 | D:2      | Killed Natasha
  2317 | D:4      | Noticed an ogre
  2317 | D:4      | Noticed a necrophage
  2332 | D:3      | Killed an ogre
  2333 | D:3      | Reached skill level 5 in Fighting
  2333 | D:3      | Reached skill level 5 in Long Blades
  2333 | D:3      | Reached XP level 5. HP: 42/44 MP: 5/5
  2461 | D:4      | Noticed a black bear
  2472 | D:4      | Killed a black bear
  2473 | D:4      | Reached skill level 6 in Long Blades
  2473 | D:4      | Reached XP level 6. HP: 43/51 MP: 6/6
  2598 | D:4      | Noticed Eustachio
  2610 | D:4      | Killed Eustachio
  2611 | D:4      | Reached skill level 7 in Long Blades
  2611 | D:4      | Reached XP level 7. HP: 57/57 MP: 7/7
  2640 | D:4      | Noticed Robin
  2673 | D:4      | Killed Robin
  2688 | D:4      | Found Lyceidik's Jewellery Shop.
  2956 | D:4      | Found a shadowy altar of Dithmenos.
  3003 | D:4      | Noticed Sigmund
  3013 | D:4      | Killed Sigmund
  3014 | D:4      | Reached skill level 8 in Long Blades
  3262 | D:5      | Entered Level 5 of the Dungeon
  3427 | D:5      | Reached XP level 8. HP: 65/65 MP: 8/8
  3443 | D:5      | Reached skill level 9 in Long Blades
  3471 | D:5      | Found Voyp's Book Shoppe.
  3554 | D:5      | Found a glowing golden altar of the Shining One.
  3555 | D:5      | Noticed an angel
  3566 | D:5      | Found a basalt altar of Yredelemnul.
  3567 | D:5      | Noticed a profane servitor
  4003 | D:6      | Found a snail-covered altar of Cheibriados.
  4066 | D:6      | Found a runed translucent gate.
  4067 | D:6      | Noticed a wraith
  4068 | D:6      | Found a runed translucent gate.
  4069 | D:6      | Found a runed translucent gate.
  4069 | D:6      | Noticed RandomusNamus's ghost (novice MiHu)
  4081 | D:6      | Found a sand-covered staircase.
  4101 | Ossuary  | Entered an ossuary
  4187 | Ossuary  | Reached skill level 10 in Long Blades
  4878 | D:6      | Found a radiant altar of Vehumet.
  5084 | D:7      | Found a shimmering altar of Xom.
  5143 | D:7      | Reached skill level 11 in Long Blades
  5143 | D:7      | Reached XP level 9. HP: 57/75 MP: 9/9
  5436 | D:7      | Slain by an orc warrior

Illustrated notes

Levels and vault maps discovered:
D:1:      minmay_arrival_semitransparent, layout_basic
D:2:      layout_basic, minmay_close_crescents, uniq_natasha
D:3:      layout_basic
D:4:      layout_basic, mainiacjoe_overflow_cross_hatched, serial_shops,
          shop_statue, minmay_misc_feat_secret_circle, supply_closet_lemuel,
          uniq_eustachio, uniq_sigmund, uniq_robin
D:5:      layout_gridville, grunt_temple_overflow_holy_war, serial_shops,
          kennysheep_mini_moat, chequers_serial_rivers_small_3
D:6:      layout_basic, slow_altar_1, fiery_altar_vehumet,
          nicolae_ossuary_entry_ruins, gammafunk_ghost_split,
          kennysheep_crisscross, chequers_serial_rivers_micro_e
D:7:      layout_cave_pools, dk_xom_monty_hall, minmay_temple_entry_mini_moons,
          grunt_ogre_cave, hex_large, minmay_quadrilaterals

Skill      XL: |  1  2  3  4  5  6  7  8 |
---------------+-------------------------+-----
Long Blades    | 3 4 5 6 7 8 11 | 11.7
Fighting       | 4 5 6 8 |  8.9
Shields        | 4 |  4.0
Armour         | |  3.6

Action                   |  1- 3 |  4- 6 |  7- 9 || total
-------------------------+-------+-------+-------++-------
Melee: Long sword        |    71 |   136 |   246 ||   453
 Abil: Hop               |     1 |     1 |       ||     2
  Use: Potion            |       |       |     1 ||     1
       Scroll            |       |       |     8 ||     8
Armor: Scale mail        |    41 |    80 |    58 ||   179
       Plate armour      |       |       |    23 ||    23
Dodge: Dodged            |    34 |    52 |    61 ||   147
Block: Buckler           |    16 |    35 |    59 ||   110
       Reflection        |       |       |     3 ||     3

Table legend: (Time is in decaauts)
 A = Elapsed time spent in this place.
 B = Non-inter-level travel time spent in this place.
 C = Inter-level travel time spent in this place.
 D = Time resting spent in this place.
 E = Time spent auto-exploring this place.
 F = Levels seen in this place.
 G = Mean time per level.
                   A        B        C        D        E       F      G
               +--------+--------+--------+--------+--------+-----+--------+
         Total |   6358 |   5999 |    359 |     22 |   4771 |   8 |  794.8 |
       Dungeon |   6015 |   5656 |    359 |     22 |   4654 |   7 |  859.3 |
       Ossuary |    342 |    342 |      0 |      0 |    117 |   1 |  342.0 |
               +--------+--------+--------+--------+--------+-----+--------+

Top non-repeatable levels by time:
     D:2: 1061 daAuts
     D:4: 1055 daAuts
     D:3: 981 daAuts
     D:6: 904 daAuts
     D:5: 856 daAuts
     D:1: 773 daAuts
     D:7: 383 daAuts
 Ossuary: 342 daAuts
